zelda, chaotic female elven Rogue --- |<..-- ------- --------------- |.....- |.....| |.............| -..|....|. |.(_..| - --- --.----|| -.|-...).- |.....| ---- --.| +..| ........ --- ---.--- |..---- ---+-..--|..| --.|.... .----...-- |.| ---+-.....-+--........--|| --..|....|.....---- |.| --......--................| |..|...........).---.-- |.......-|..--------%--..-- -......---% .........----- |...{....|--|........[|..-- ...... ..........--- --.......| |!=%..%?!.|...| -+- ------....--- .---......--. ------....--| -----------...| --.---...-|...-|..|..| .|).---...|.--..|...|....|------ |.......-- -.........|..--|..|..| ...[|-....|........---...-|(.(%| |.------- +...............-.---+-----..-|..........--....|-...-.(((| |.| .....{....----...............|...`.......|-...|...-|..(.| |.| .........- --+--.---------%........--..|........|------ |.--+---- .........| |.|..`(| --.......------ ..|....| --.....|... ..------ |.).(((| ---...--- .|... |...{..@G.- - --|.(((| ----- --. .......|..| ------ --------- zelda the Rogue Experience level: 6 Strength: 11 Dexterity: 19 Constitution: 16 Intelligence: 10 Wisdom: 10 Charisma: 9 Health: 0(43) Energy: 34(34) Def: 12 Gold: 336 Moves: 2556 Dungeon seed: wJpPkcoTncuUi0KE Game ID: zelda_1443554082 Your Inventory: Coins $ - 336 gold pieces Weapons b - 6 uncursed +0 elven daggers F - 11 uncursed +0 daggers (in quiver) U - an uncursed +2 dagger named +2 (weapon in hand) X - a blessed +0 elven dagger Z - 3 uncursed +0 elven daggers Armor e - an uncursed +0 elven shield (being worn) q - an uncursed +0 dwarvish cloak (being worn) J - a blessed +1 dwarvish mithril-coat (being worn) K - an uncursed +0 dwarvish iron helm (being worn) Y - an uncursed +0 pair of elven boots (being worn) Wands D - a blessed wand of sleep (0:5) Tools i - a blessed magic lamp (lit) k - an uncursed skeleton key m - an uncursed tooled horn A - an uncursed mirror B - an uncursed bag of holding C - an uncursed sack Contents of the bag of holding: 2 uncursed food rations 8 uncursed lembas wafers an uncursed pear an uncursed scroll of enchant armor an uncursed scroll of enchant weapon an uncursed scroll of identify an uncursed potion of object detection a blessed potion of paralysis an uncursed potion of restore ability 2 uncursed potions of water an uncursed wand of sleep (0:3) an uncursed +0 pick-axe Spells and supernatural/magical abilities: Name Level Category Fail Memory W - pray for help -- divine ? -- Your skills at the end: Miscellaneous Skills wands [Basic] Weapon Skills dagger [Basic] short sword [Skilled] Spellcasting Skills Final Attributes: You were piously aligned. You were fire resistant. You were sleep resistant. You were poison resistant. You had infravision. You were stealthy. You are dead. Vanquished creatures: a small mimic a leprechaun 2 dwarf lords a water nymph 5 gnome lords a gnomish wizard a red naga hatchling a golden naga hatchling a little dog a kitten 8 dwarves a rothe 3 coyotes 2 hobbits a large kobold a gecko a hobgoblin a cave spider a yellow mold 21 gnomes 8 garter snakes a gnome zombie 7 jackals a fox 4 newts a goblin a lichen 78 creatures vanquished. Voluntary challenges: You did not adorn yourself with jewelry or accessories. You used a wielded weapon 108 times, starting on turn 65. You did not apply a unicorn horn. You read items or engraved 3 times, starting on turn 1672. You never genocided any monsters. You never polymorphed an object. You never changed form. You used no wishes. You never split a pudding. You wrote Elbereth's name 3 times, starting on turn 1672. You never violated your personal moral code. Dungeon overview: The Dungeons of Doom: levels 1 to 4 Level 1 a fountain, a sink a long staircase Level 2 a general store Level 3 a fountain, a sink stairs to The Gnomish Mines Level 4 The Gnomish Mines: levels 4 to 6 Level 4 stairs to The Dungeons of Doom Level 5 Level 6 <- You were here some shops, a temple to Mog, a magic chest, some fountains History has recorded: On T:1 you entered the Dungeons of Doom to retrieve the Amulet of Yendor! On T:171 you reached level 2 of The Dungeons of Doom. On T:279 you reached level 3 of The Dungeons of Doom. On T:433 you advanced to experience level 2. On T:540 you reached level 4 of The Dungeons of Doom. On T:614 you reached level 1 of The Gnomish Mines. On T:677 you advanced to experience level 3. On T:699 you advanced to experience level 4. On T:858 you reached level 2 of The Gnomish Mines. On T:1174 you advanced to experience level 5. On T:1456 you reached level 3 of The Gnomish Mines. On T:1702 you entered the Minetown temple On T:1704 you advanced to experience level 6. On T:1796 you opened a magic chest. On T:1810 you opened a magic chest. On T:1812 you opened a magic chest. On T:1812 you opened a magic chest. On T:1814 you opened a magic chest. On T:1820 you opened a magic chest. On T:2092 you opened a magic chest. On T:2092 you opened a magic chest. On T:2092 you opened a magic chest. On T:2094 you opened a magic chest. On T:2184 you opened a magic chest. On T:2189 you opened a magic chest. On T:2201 you opened a magic chest. On T:2205 you opened a magic chest. On T:2208 you opened a magic chest. Score breakdown: Gold: 336 ( 33 points) Experience: 6 levels ( 500 points) Exploration: 6 levels ( 150 points) Discoveries: 6 items ( 300 points) Variety of kills: 27 monsters ( 1350 points) Major goal: (nothing yet) ( 0 points) Survival: died (score multiplied by 3) Total score: 6999 Latest messages: You hit the gnome lord! The gnome lord zaps a wand of magic missile! The magic missile hits you! You die... The sack is empty. The sack is empty. Final status: Goodbye zelda the Rogue, killed by a magic missile... You died in The Gnomish Mines on dungeon level 6 with 6999 points, and 336 pieces of gold, after 2556 moves. You were level 6 with a maximum of 43 hit points when you died.